 Dungeon Crawl Stone Soup version 0.30-a0-643-g638baaf3f0 (webtiles) character file.

Game seed: 12800448968692501719

112770 Absynth the Eclecticist (level 16, 84/84 HPs)
             Began as a Deep Elf Conjurer on Mar 14, 2021.
             Was a High Priest of Vehumet.
             Quit the game on level 14 of the Dungeon on Jan 16, 2023.
             The game lasted 02:58:41 (35111 turns).

Absynth the Eclecticist (Deep Elf Conjurer)        Turns: 35111, Time: 02:58:42

Health: 84/84      AC: 25    Str:  3    XL:     16   Next: 12%
Magic:  37/38      EV:  5    Int: 34    God:    Vehumet [*****.]
Gold:   2165       SH:  5    Dex: 14    Spells: 23/48 levels left

rFire   + . .      SeeInvis +    D - staff of conjuration
rCold   x . .      Faith    .    (no shield)
rNeg    + . .      Spirit   .    H - +6 scale mail of Puofest Vaudgh {Int+4 SInv}
rPois   +          Reflect  +    G - +2 helmet
rElec   .          Harm     .    K - +2 ratskin cloak {*Rats rPois rN+ Str-1 Int-1 Dex+1}
rCorr   +          Rampage  .    c - +2 pair of gloves
Will    +....                    b - +2 pair of boots
Stlth   +++                      r - amulet "Biluagri" {Reflect SH+5 SInv}
HPRegen 0.34/turn                o - ring of fire
MPRegen 0.26/turn                l - ring of resist corrosion

@: no status effects
A: no striking features
a: Renounce Religion


You were on level 14 of the Dungeon.
You worshipped Vehumet.
Vehumet was extremely pleased with you.
You visited 4 branches of the dungeon, and saw 24 of its levels.
You also visited: Ice Cave and Volcano.

You collected 3403 gold pieces.
You spent 1238 gold pieces at shops.

Inventory:

Armour
 b - a +2 pair of boots (worn)
 c - a +2 pair of gloves (worn)
 f - a +2 robe of willpower
 s - a +2 robe of cold resistance
 B - a +2 robe of fire resistance
 G - a +2 helmet (worn)
 H - the +6 scale mail of Puofest Vaudgh (worn) {Int+4 SInv}
   (You found it on level 14 of the Dungeon)

   Int:       It affects your intelligence (+4).
   SInv:      It lets you see invisible.
 K - the +2 ratskin cloak (worn) {*Rats rPois rN+ Str-1 Int-1 Dex+1}
   (You found it on level 8 of the Dungeon)

   *Rats:     When the wearer is hurt, rats may emerge from it to assist them.
   Str:       It affects your strength (-1).
   Int:       It affects your intelligence (-1).
   Dex:       It affects your dexterity (+1).
   rPois:     It protects you from poison.
   rN:        It protects you from negative energy.
Magical Staves
 z - a staff of fire
 D - a staff of conjuration (weapon)
Jewellery
 l - a ring of resist corrosion (right hand)
 o - a ring of fire (left hand)
 q - a ring of ice
 r - the amulet "Biluagri" (around neck) {Reflect SH+5 SInv}
   (You found it on level 4 of the Dungeon)

   [amulet of reflection]

   It reflects blocked missile attacks.
   SInv:      It lets you see invisible.
   SH:        It affects your SH (+5).
Wands
 d - a wand of iceblast (15)
 j - a wand of acid (8)
 t - a wand of polymorph (6)
 E - a wand of digging (3)
 J - a wand of charming (11)
Scrolls
 e - a scroll of amnesia
 h - 9 scrolls of identify
 i - 2 scrolls of summoning
 v - 6 scrolls of magic mapping
 w - a scroll of enchant armour
 y - 5 scrolls of fog
 A - 4 scrolls of blinking
 C - a scroll of enchant weapon
 N - 5 scrolls of teleportation
Potions
 a - 2 potions of flight
 g - 3 potions of resistance
 k - 2 potions of brilliance
 m - 2 potions of invisibility
 n - 9 potions of curing
 p - a potion of cancellation {unknown}
 u - 5 potions of haste
 x - a potion of might
 F - a potion of berserk rage
 L - 4 potions of magic
 O - 4 potions of heal wounds


   Skills:
 + Level 3.7 Fighting
 + Level 3.7 Armour
 - Level 7.0 Dodging
 - Level 8.5 Stealth
 - Level 16.5 Spellcasting
 - Level 16.4 Conjurations
 - Level 5.1 Hexes
 - Level 6.5 Translocations
 - Level 16.4 Fire Magic
 - Level 11.9 Earth Magic


You had 23 spell levels left.
You knew the following spells:

 Your Spells              Type           Power      Damage    Failure   Level
a - Searing Ray           Conj           100%       2d8       1%          2
b - Blink                 Tloc           100%       N/A       8%          2
d - Iskenderun's Battles  Conj           100%       2d15      1%          5
e - Bolt of Magma         Conj/Fire/Erth 69%        4d27      1%          5
f - Fireball              Conj/Fire      71%        3d27      1%          5
g - Foxfire               Conj/Fire      100%       2x1d9     1%          1
h - Magic Dart            Conj           100%       1d8       1%          1
z - Iskenderun's Mystic   Conj/Tloc      100%       2d19      1%          4

Your spell library contained the following spells:

 Spells                   Type           Power      Damage    Failure   Level
 Yara's Violent Unravell  Hex/Tmut       22%        3d10      83%         5
 Sandblast                Erth           100%       2d20      1%          1
 Static Discharge         Conj/Air       100%       2-7/arc   1%          2
 Dazzling Flash           Conj/Hex       100%       N/A       1%          3
 Inner Flame              Hex/Fire       100%       N/A       1%          3
 Stone Arrow              Conj/Erth      100%       3d13      1%          3
 Fulminant Prism          Conj/Hex       50%        3d23      2%          4
 Apportation              Tloc           100%       N/A       4%          1
 Lee's Rapid Deconstruct  Erth           41%        3d20*     4%          5
 Ignite Poison            Fire/Tmut/Pois 78%        N/A       6%          3
 Mephitic Cloud           Conj/Pois/Air  78%        N/A       6%          3
 Corona                   Hex            59%        N/A       9%          1
 Slow                     Hex            100%       N/A       9%          1
 Iron Shot                Conj/Erth      56%        9d11      9%          6
 Passwall                 Tmut/Erth      51%        N/A       10%         2
 Lightning Bolt           Conj/Air       45%        1d65      17%         5
 Orb of Destruction       Conj           59%        9d14      19%         7
 Leda's Liquefaction      Hex/Erth       36%        N/A       22%         4
 Confusing Touch          Hex            59%        N/A       26%         3
 Tukima's Dance           Hex            59%        N/A       26%         3
 Poisonous Vapours        Pois/Air       56%        N/A       28%         2
 Ensorcelled Hibernation  Hex/Ice        90%        N/A       36%         2
 Petrify                  Tmut/Erth      62%        N/A       52%         4
 Animate Skeleton         Necr           56%        N/A       58%         1
 Beastly Appendage        Tmut           56%        N/A       58%         1
 Sting                    Tmut/Pois      100%       1d8       58%         1
 Summon Small Mammal      Summ           100%       N/A       58%         1
 Call Imp                 Summ           28%        N/A       73%         2
 Wereblood                Tmut           28%        N/A       73%         2
 Ignition                 Fire           59%        3d16      77%         8
 Olgreb's Toxic Radiance  Pois           28%        N/A       83%         4
 Spider Form              Tmut/Pois      28%        N/A       91%         3
 Spellforged Servitor     Conj/Summ      45%        N/A       99%         7
 Ice Form                 Ice/Tmut       28%        N/A       100%        4
 Blade Hands              Tmut           14%        N/A       100%        5
 Statue Form              Tmut/Erth      41%        N/A       100%        6
 Polar Vortex             Ice            14%        N/A       100%        9
 Shatter                  Erth           41%        3d32*     100%        9


Dungeon Overview and Level Annotations

Branches:
Dungeon (15/15)            Temple (1/1) D:4            Lair (6/6) D:11
 Shoals (0/4) Lair:3       Spider (0/4) Lair:4        Slime (0/5) Lair:5
    Orc (2/2) D:9             Elf (0/3) Orc:2        Vaults (0/5) D:14
 Depths (0/5) D:15          IceCv (visited)         Volcano (visited)

Altars:
Ashenzari
Cheibriados
Dithmenos
Elyvilon
Fedhas
Gozag
Hepliaklqana
Kikubaaqudgha
Makhleb
Nemelex Xobeh
Okawaru
Qazlal
Ru
Sif Muna
Trog
Uskayaw
Vehumet
Wu Jian
Xom
Yredelemnul
Zin
The Shining One
Jiyva

Shops:
D:6 *   D:9 :   Orc:1 (*[[?   Orc:2 *[![

Portals:
Trove: D:14 (give +7 demon whip)


Message History

The salamander is severely wounded.
The salamander hits you!
You are engulfed in flames!
You resist.
Aiming: Bolt of Magma (dangerous; 1% risk of failure)
Press: ? - help, Q - select action, (/) - cycle Shift-Dir - straight line, f/p - salamander
Aim: a salamander (severely wounded, 13% to evade)
You feel a strong surge of power!
The bolt of magma hits the salamander!!
The salamander partially resists.
You kill the salamander!
Vehumet accepts your kill.
The salamander's shape twists and changes as it dies.
You start resting.
Magic restored.
HP restored.
You see here a shapeshifter corpse.
Found 24 arrows.
You see here 24 arrows.
Done exploring.
You see here 12 stones.
There is a staircase to the Depths here.
There is a stone staircase leading up here.
You climb upwards.
There is a stone staircase leading down here.
There is an open door here.
Things that are here:
a +0 plate armour; a +0 long sword Why would you want to do that?
Why would you want to do that?
There is an open door here.
There is a gate to the Vaults here.
You need a rune to enter this place.
There is a gate to the Vaults here.
Items here: ( )) ? [ ÷.
Save game and exit?
Your Spellcasting skill increases to level 16!
Your Conjurations skill increases to level 16!
Your Fire Magic skill increases to level 16!
Welcome back, Absynth the Deep Elf Conjurer.
Vehumet says: Let it end in hellfire!
Press ? for a list of commands and other information.
Are you sure you want to abandon this character and quit the game? (Confirm with "yes".)

##...........).....##.##..
#####.....................
##.##......................
#...##.....................
#...##..................##. ###
#..............##.......###
##.####.....................### #
......#########.............# ##
......##.#.#.#.#@.....<.....####.
..#^..#.#.#.#.##.................
#.###.##.#.#.#.#...........#.....
##.####.#.#.#[##...........####..
.....###.#.#.#.#.....#.....##...#
#.....#)#.#÷#.##...........###.##
##....##.#[#.#.##..........# #...
.#....#.#.#.#.###..........# #...
......##.#.#.#.##..[.......###...


There were no monsters in sight!

Vanquished Creatures
  Gastronok (D:10)
  Roxanne (D:15)
  A dire elephant (Lair:4)
  A fire dragon (Lair:2)
  Fannar (Lair:3)
  A yaktaur captain (D:14)
  8 hydras
  Harold (D:7)
  2 vault guards (D:14)
  Erolcha (D:13)
  A catoblepas (D:15)
  A rakshasa (D:12)
  2 boulder beetles
  4 centaur warriors
  An ogre mage (D:15)
  9 two-headed ogres
  Urug (D:13)
  3 orc high priests (Orc:2)
  10 death yaks
  Sonja (Lair:4)
  8 skeletal warriors
  6 unseen horrors
  A wolf spider zombie (D:14)
  Pikel (D:6)
  2 anaconda skeletons (Volcano)
  A wizard (D:14)
  2 lindwurms
  2 necromancers
  A phantasmal warrior (D:15)
  6 orc knights (Orc:2)
  2 ugly things
  4 orc sorcerers
  A deep elf pyromancer (D:12)
  A salamander (shapeshifter) (D:15)
  3 manticores
  20 elephants
  Maurice (D:10)
  A torpor snail (Lair:5)
  A frost giant skeleton (D:15)
  Joseph (D:7)
  3 ice statues (IceCv)
  4 centaur skeletons
  4 gargoyles
  16 cane toads
  13 komodo dragons
  2 rime drakes (Lair:2)
  8 trolls
  11 ice devils (IceCv)
  9 polar bears
  5 hornets
  An ettin zombie (D:15)
  A dream sheep (Lair:6)
  19 blink frogs
  A slime creature (D:12)
  An ettin skeleton (D:15)
  3 flying skulls (Volcano)
  A shadow (D:12)
  3 wyverns
  12 spriggans
  A wraith (D:14)
  Eustachio (D:4)
  An ice dragon skeleton (D:15)
  32 yaks
  12 basilisks
  Grum (D:11)
  4 vampire mosquitoes (D:12)
  5 wargs
  3 acid dragons
  4 ghosts
  14 water moccasins
  6 black bears
  26 orc warriors
  A hornet zombie (D:14)
  11 ice beasts
  A sky beast (D:6)
  A necrophage (D:5)
  10 ogres
  33 wolves
  5 boggarts (Lair:6)
  13 centaurs
  3 kobold brigands
  A lemure (D:6)
  3 phantoms
  19 bullfrogs
  A wyvern zombie (D:11)
  4 scorpions
  2 water moccasin skeletons
  19 killer bees
  13 wights
  4 howler monkeys
  A draconian simulacrum (IceCv)
  3 centaur zombies
  A jelly (D:9)
  A quasit (D:10)
  4 bullfrog zombies
  7 hounds
  22 orc priests
  5 bullfrog skeletons
  Terence (D:2)
  3 iguanas
  Natasha (thrice) (D:2)
  33 orc wizards
  11 removed worker ants
  4 troll simulacra (IceCv)
  A centaur simulacrum (IceCv)
  2 naga skeletons (Volcano)
  A hound zombie (D:10)
  A hound skeleton (D:3)
  11 gnolls (D:3)
  9 adders
  An ogre simulacrum (IceCv)
  3 naga simulacra (IceCv)
  2 shadow imps
  2 white imps
  An ufetubus (D:6)
  4 worms
  3 dart slugs
  99 orcs
  6 removed leopard geckos
  12 bats
  5 giant cockroaches
  6 goblins
  10 hobgoblins
  11 jackals
  10 kobolds
  5 quokkas
  6 ball pythons
  4 frilled lizards
  3 quokka skeletons
  8 rats
  A removed leopard gecko skeleton (D:4)
  A removed leopard gecko zombie (D:5)
814 creatures vanquished.

Vanquished Creatures (collateral kills)
  A cyclops (Orc:1)
  An elephant (Lair:4)
  An orc warrior (Orc:1)
  A troll skeleton (Volcano)
4 creatures vanquished.

Vanquished Creatures (others)
  A quokka (D:15)
  78 foxfires
  123 fungi
  109 plants
  12 withered plants (D:15)
323 creatures vanquished.

Grand Total: 1141 creatures vanquished

Notes
Turn   | Place    | Note
-------+----------+-------------------------------------------
     0 | D:1      | Absynth the Deep Elf Conjurer began the quest for the Orb.
     0 | D:1      | Reached XP level 1. HP: 10/10 MP: 6/6
   147 | D:1      | Reached XP level 2. HP: 15/15 MP: 4/8
   261 | D:1      | Learned a level 2 spell: Searing Ray
   778 | D:1      | Reached XP level 3. HP: 19/19 MP: 7/10
  1397 | D:2      | Noticed Terence
  1403 | D:2      | Noticed Natasha
  1630 | D:2      | Reached skill level 5 in Conjurations
  1845 | D:2      | Killed Natasha
  1846 | D:2      | Reached XP level 4. HP: 24/24 MP: 7/12
  1921 | D:2      | Learned a level 4 spell: Iskenderun's Mystic Blast
  2120 | D:2      | Killed Terence
  2315 | D:2      | Noticed Natasha
  2330 | D:2      | Killed Natasha
  2331 | D:2      | Reached XP level 5. HP: 28/28 MP: 8/14
  2491 | D:2      | Noticed Natasha
  2494 | D:2      | Killed Natasha
  2664 | D:3      | Found a stormy altar of Qazlal.
  2707 | D:3      | Reached skill level 5 in Spellcasting
  3012 | D:3      | Found a sacrificial altar of Ru.
  3025 | D:3      | Reached XP level 6. HP: 32/32 MP: 10/16
  4036 | D:3      | Reached skill level 5 in Dodging
  4502 | D:4      | Identified the amulet "Biluagri" {Reflect SH+5 SInv}
  4550 | D:4      | Noticed Eustachio
  4556 | D:4      | Killed Eustachio
  4557 | D:4      | Reached XP level 7. HP: 36/36 MP: 9/18
  4651 | D:4      | Found a staircase to the Ecumenical Temple.
  4664 | Temple   | Entered the Ecumenical Temple
  5682 | D:4      | Found a faded altar of an unknown god.
  5682 | D:4      | Found a shadowy altar of Dithmenos.
  5692 | D:4      | Found a hazy altar of Hepliaklqana.
  5698 | D:4      | Found a sparkling altar of Nemelex Xobeh.
  5699 | D:4      | Found a faded altar of an unknown god.
  5915 | D:4      | Found a radiant altar of Vehumet.
  5919 | D:4      | Became a worshipper of Vehumet
  5929 | D:4      | Found a hide-covered altar of Uskayaw.
  5983 | D:5      | Entered Level 5 of the Dungeon
  6234 | D:5      | Found a burning altar of Makhleb.
  6366 | D:5      | Found a shadowy altar of Dithmenos.
  6463 | D:5      | Reached XP level 8. HP: 41/41 MP: 16/21
  6969 | D:6      | Reached skill level 1 in Translocations
  7220 | D:6      | Noticed Pikel
  7236 | D:6      | Killed Pikel
  7237 | D:6      | Reached XP level 9. HP: 41/45 MP: 15/24
  7445 | D:6      | Reached * piety under Vehumet
  7445 | D:6      | Offered knowledge of Foxfire by Vehumet.
  7446 | D:6      | Reached skill level 5 in Translocations
  7450 | D:6      | Learned a level 1 spell: Foxfire
  7724 | D:6      | You fall into a shaft and drop 1 floor!
  7815 | D:6      | Found Jituaqex's Assorted Antiques.
  7824 | D:6      | Found a broken altar of Ashenzari.
  8013 | D:7      | Noticed Harold
  8023 | D:7      | Killed Harold
  8401 | D:7      | Reached skill level 1 in Fire Magic
  8496 | D:7      | Found an opulent altar of Gozag.
  8771 | D:7      | Found a blossoming altar of Fedhas.
  8845 | D:7      | Reached skill level 10 in Spellcasting
  9026 | D:7      | Noticed Joseph
  9048 | D:7      | Killed Joseph
  9637 | D:8      | Found the +2 ratskin cloak {*Rats rPois rN+ Str-1 Int-1
                  | Dex+1}
  9840 | D:8      | Reached XP level 10. HP: 50/50 MP: 22/26
 10013 | D:9      | Reached skill level 5 in Fire Magic
 10039 | D:9      | Found a white marble altar of Elyvilon.
 10039 | D:9      | Found an ornate altar of the Wu Jian Council.
 10130 | D:9      | Reached ** piety under Vehumet
 10146 | D:9      | Offered knowledge of Freeze by Vehumet.
 10355 | D:9      | Found a staircase to the Orcish Mines.
 10365 | D:9      | Reached skill level 10 in Conjurations
 10407 | D:9      | Noticed a two-headed ogre
 10418 | D:9      | Killed a two-headed ogre
 10557 | D:9      | Found Kaes Bots's Book Boutique.
 10565 | D:9      | Bought a book of Minor Magic for 240 gold pieces
 10568 | D:9      | Learned a level 2 spell: Blink
 10572 | D:9      | Learned a level 7 spell: Conjure Flame
 10703 | D:9      | Found a bloodstained altar of Trog.
 11009 | Orc:1    | Entered Level 1 of the Orcish Mines
 11234 | Orc:1    | Found Igoch's Magic Scroll Shop.
 11244 | Orc:1    | Bought a scroll of identify for 26 gold pieces
 11244 | Orc:1    | Bought a scroll of amnesia for 45 gold pieces
 11244 | Orc:1    | Bought a scroll of magic mapping for 45 gold pieces
 11244 | Orc:1    | Bought a scroll of noise for 13 gold pieces
 11244 | Orc:1    | Bought a scroll of teleportation for 39 gold pieces
 11298 | Orc:1    | Noticed a two-headed ogre
 11313 | Orc:1    | Killed a two-headed ogre
 11735 | Orc:1    | Offered knowledge of Inner Flame by Vehumet.
 11848 | Orc:1    | Noticed a two-headed ogre
 11852 | Orc:1    | Killed a two-headed ogre
 11853 | Orc:1    | Reached skill level 10 in Fire Magic
 11857 | Orc:1    | Learned a level 3 spell: Inner Flame
 11944 | Orc:1    | Reached skill level 1 in Hexes
 11966 | Orc:1    | Reached *** piety under Vehumet
 12190 | Orc:1    | Reached XP level 11. HP: 43/54 MP: 22/27
 12286 | Orc:1    | Noticed an orc sorcerer
 12292 | Orc:1    | Killed an orc sorcerer
 12541 | Orc:1    | Found Hupses's Antique Weapon Shop.
 12863 | Orc:1    | Reached skill level 5 in Hexes
 12964 | Orc:1    | Found Luatoru's General Store.
 12968 | Orc:1    | Found Miafrea's Antique Armour Boutique.
 12972 | Orc:1    | Bought a scroll of fear for 52 gold pieces
 12972 | Orc:1    | Bought a scroll of identify for 30 gold pieces
 13003 | Orc:1    | Found Suceufa's Antique Armour Boutique.
 13128 | D:9      | Bought a book of Power for 540 gold pieces
 13137 | D:9      | Learned a level 5 spell: Iskenderun's Battlesphere
 13143 | D:9      | Learned a level 5 spell: Bolt of Magma
 13288 | Orc:2    | Entered Level 2 of the Orcish Mines
 13367 | Orc:2    | Noticed an orc knight
 13380 | Orc:2    | Reached skill level 1 in Earth Magic
 13399 | Orc:2    | Killed an orc knight
 13581 | Orc:2    | Offered knowledge of Ignite Poison by Vehumet.
 14020 | Orc:2    | Found a staircase to the Elven Halls.
 14359 | Orc:2    | Noticed an orc knight
 14378 | Orc:2    | Killed an orc knight
 14379 | Orc:2    | Reached skill level 5 in Earth Magic
 14554 | Orc:2    | Noticed an orc knight
 14577 | Orc:2    | Killed an orc knight
 14744 | Orc:2    | Reached **** piety under Vehumet
 14839 | Orc:2    | Offered knowledge of Fireball by Vehumet.
 14847 | Orc:2    | Learned a level 5 spell: Fireball
 15007 | Orc:2    | Noticed an orc sorcerer
 15010 | Orc:2    | Killed an orc sorcerer
 15128 | Orc:2    | Noticed an orc knight
 15129 | Orc:2    | Noticed an orc sorcerer
 15131 | Orc:2    | Noticed a soul eater
 15135 | Orc:2    | Killed an orc knight
 15135 | Orc:2    | Killed an orc sorcerer
 15206 | Orc:2    | Noticed an orc high priest
 15211 | Orc:2    | Killed an orc high priest
 15301 | Orc:2    | Noticed an orc high priest
 15301 | Orc:2    | Noticed an orc high priest
 15303 | Orc:2    | Killed an orc high priest
 15311 | Orc:2    | Killed an orc high priest
 15314 | Orc:2    | Noticed an orc knight
 15318 | Orc:2    | Killed an orc knight
 15318 | Orc:2    | Noticed an orc knight
 15601 | Orc:2    | Noticed an orc sorcerer
 15603 | Orc:2    | Killed an orc knight
 15604 | Orc:2    | Reached XP level 12. HP: 59/59 MP: 12/28
 15749 | Orc:2    | Found Fim Umopp's General Store.
 15749 | Orc:2    | Found Gossi's Armour Shop.
 15751 | Orc:2    | Found Usie's Distillery.
 15751 | Orc:2    | Found Xeorus's Antique Armour Shop.
 15759 | Orc:2    | Bought a potion of mutation for 104 gold pieces
 15759 | Orc:2    | Bought a potion of magic for 104 gold pieces
 15940 | D:10     | Entered Level 10 of the Dungeon
 16391 | D:10     | Noticed Gastronok
 16395 | D:10     | Killed Gastronok
 16507 | D:10     | Noticed Maurice
 16514 | D:10     | Killed Maurice
 16784 | D:10     | Reached ***** piety under Vehumet
 16897 | D:10     | Offered knowledge of Irradiate by Vehumet.
 17430 | D:11     | Found a staircase to the Lair.
 18022 | D:11     | Noticed Grum
 18024 | D:11     | Killed Grum
 18487 | Lair:1   | Entered Level 1 of the Lair of Beasts
 18549 | Lair:1   | Reached skill level 10 in Earth Magic
 18710 | Lair:1   | Offered knowledge of Lee's Rapid Deconstruction by Vehumet.
 19515 | Lair:1   | Noticed an eight-headed hydra
 19519 | Lair:1   | Killed an eight-headed hydra
 19580 | Lair:1   | Noticed a six-headed hydra
 19584 | Lair:1   | Killed a six-headed hydra
 19585 | Lair:1   | Reached XP level 13. HP: 63/63 MP: 15/29
 20224 | Lair:2   | Noticed a fire dragon
 20233 | Lair:2   | Killed a fire dragon
 21886 | Lair:3   | Noticed Fannar
 21897 | Lair:3   | Killed Fannar
 22232 | Lair:3   | Found a staircase to the Shoals.
 22737 | Lair:4   | Found a frozen archway.
 22754 | IceCv    | Entered an ice cave
 23733 | IceCv    | Found the +8 orange crystal plate armour {Archmagi, Int+3
                  | Clar}
 23815 | Lair:4   | Reached XP level 14. HP: 62/68 MP: 27/33
 23816 | Lair:4   | Found a hole to the Spider Nest.
 24151 | Lair:4   | Noticed Sonja
 24155 | Lair:4   | Killed Sonja
 24370 | Lair:4   | Offered knowledge of Freezing Cloud by Vehumet.
 25855 | Lair:5   | Reached skill level 15 in Fire Magic
 26614 | Lair:5   | Found a staircase to the Slime Pits.
 26616 | Lair:5   | Found a viscous altar of Jiyva.
 26850 | Lair:5   | Upgraded the game from 0.27-a0-637-g3a9f0a9c12 to
                  | 0.27-a0-808-g60bc5d92e6
 26851 | Lair:6   | Entered Level 6 of the Lair of Beasts
 26903 | Lair:6   | Found a dark tunnel.
 26915 | Volcano  | Entered a volcano
 26940 | Volcano  | Reached skill level 15 in Conjurations
 27772 | Lair:6   | Reached skill level 15 in Spellcasting
 28251 | Lair:6   | Reached XP level 15. HP: 72/72 MP: 20/36
 28499 | Lair:6   | Offered knowledge of Lightning Bolt by Vehumet.
 30080 | D:12     | Found a transporter.
 30154 | D:12     | Offered knowledge of Ozocubu's Refrigeration by Vehumet.
 30437 | D:12     | Reached skill level 5 in Stealth
 30521 | D:12     | Found a glowing golden altar of the Shining One.
 30804 | D:12     | Found a transporter.
 31287 | D:13     | Noticed Urug
 31293 | D:13     | Killed Urug
 31762 | D:13     | Found a stormy altar of Qazlal.
 31782 | D:13     | Noticed Erolcha
 31784 | D:13     | Killed Erolcha
 32495 | D:14     | Offered knowledge of Yara's Violent Unravelling by Vehumet.
 32993 | D:14     | Found a white marble altar of Elyvilon.
 33342 | D:14     | Identified the +6 scale mail of Puofest Vaudgh {Int+4 SInv}
 33401 | D:14     | Found a portal to a secret trove of treasure.
 33592 | D:14     | Reached skill level 1 in Fighting
 33592 | D:14     | Reached skill level 1 in Armour
 33671 | D:14     | Found a gate to the Vaults.
 33772 | D:15     | Entered Level 15 of the Dungeon
 33777 | D:15     | Found a white marble altar of Elyvilon.
 33930 | D:15     | Identified Roxanne's Guide on Stones
 33930 | D:15     | Noticed Roxanne
 33956 | D:15     | Killed Roxanne
 33957 | D:15     | Reached XP level 16. HP: 79/83 MP: 1/37
 34283 | D:15     | Found a staircase to the Depths.
 35111 | D:14     | Upgraded the game from 0.27-a0-808-g60bc5d92e6 to
                  | 0.30-a0-643-g638baaf3f0
 35111 | D:14     | Quit the game

Illustrated notes

Levels and vault maps discovered:
D:1:      tarquinn_simple_flora_water_f, layout_basic
D:2:      layout_basic, moated_statue, uniq_natasha, uniq_terence
D:3:      layout_loops_ring, grunt_qazlal_sundering, minmay_misc_feat_diagonals,
          roderic_filled_cross, nicolae_ru_great_annihilating_truth
D:4:      layout_basic, chequers_temple_overflow_minitemple,
          amethyst_overflow_temple_binary, minmay_temple_entry_waves,
          corexii_leaking_fountain, uniq_eustachio
D:5:      layout_loops_ring, general_overflow_altar, grunt_dithmenos_smoke
D:6:      layout_loops_ring, kennysheep_little_box, serial_shops, shop,
          uniq_pikel
D:7:      layout_loops_corners, fedhas_altar_fruit_tree, basic_altar,
          minmay_chambers_of_fives, uniq_harold, uniq_joseph
D:8:      layout_rooms, grunt_decor_one_mirror
D:9:      layout_cave_pools, marbit_many_paths,
          gammafunk_temple_overflow_elements, erik_orc_3, serial_shops,
          nicolae_shop_statue_plus
D:10:     layout_stronghold, solitary_fountain, minmay_misc_feat_encased,
          uniq_gastronok, uniq_maurice
D:11:     layout_irregular_city, erik_lair_orcish_takeover, uniq_grum
D:12:     gammafunk_the_bubble [the_bubble_gammafunk_plus_minus], layout_rooms,
          nicolae_tso_swordbearing_angel
D:13:     layout_stronghold, basic_altar, uniq_erolcha, uniq_urug
D:14:     layout_cave_pools, david_vaults_5, minmay_misc_feat_iff,
          enter_trove_5, amcnicky_altar_gilded
D:15:     gammafunk_depths_entry_grave, layout_loops_ring, elyvilon_altar_4,
          uniq_roxanne
Temple:   jpeg_temple_alley_garden
Lair:1:   beast_lair_carwin_large_2, layout_gridlike
Lair:2:   dragon1_lemuel, layout_small_grid
Lair:3:   layout_regular_city, minmay_shoals_entry_centaurs, uniq_fannar
Lair:4:   mu_elephants_graveyard, layout_layer_cave,
          spider_nest_entry_web_field, portal_ice_cave_entry_ice_beasts,
          uniq_sonja
Lair:5:   layout_long_grid, slime_altar_1, grunt_megastairs_4,
          serial_bayou_shore_b
Lair:6:   minmay_lair_end_enchanted_forest, layout_regular_city,
          nicolae_volcano_entry_vermiform, nicolae_lair_grove_arrangements,
          lemuel_fruit_tree
Orc:1:    minmay_goldmine, layout_caves, basic_altar, serial_shops, shop,
          nicolae_shop_trees, shop, nicolae_shop_temple_entry_statues_fountains,
          shop_fountains
Orc:2:    grunt_orc_tribal_feast, layout_diamond_mine

Skill      XL: |  1  2  3  4  5  6  7  8  9 10 11 12 13 14 15 16 |
---------------+-------------------------------------------------+-----
Stealth        | 3 8 |  8.5
Dodging        | 3 4 5 6 7 |  7.0
Spellcasting   | 4 5 6 7 9 10 13 15 16 | 16.5
Conjurations   | 5 6 7 8 9 10 12 13 15 16 | 16.4
Translocations | 4 6 |  6.5
Fire Magic     | 4 10 11 12 14 15 16 | 16.4
Hexes          | 2 5 |  5.1
Earth Magic    | 8 10 11 | 11.9
Fighting       | 3 |  3.7
Armour         | 3 |  3.7

Action                   |  1- 3 |  4- 6 |  7- 9 | 10-12 | 13-15 | 16-18 || total
-------------------------+-------+-------+-------+-------+-------+-------++-------
Melee: Whip              |       |     3 |     1 |       |       |       ||     4
       Staff             |       |       |     1 |       |     2 |       ||     3
 Cast: Magic Dart        |    75 |   119 |   141 |   212 |     5 |       ||   552
       Searing Ray       |     3 |    13 |    34 |    63 |     6 |       ||   119
       Foxfire           |       |       |    29 |    20 |       |       ||    49
       Conjure Flame     |       |       |       |    14 |       |       ||    14
       Blink             |       |       |       |    10 |     1 |       ||    11
       Iskenderun's Myst |       |       |       |     4 |     1 |       ||     5
       Inner Flame       |       |       |       |     8 |       |       ||     8
       Bolt of Magma     |       |       |       |    86 |   380 |    20 ||   486
       Iskenderun's Batt |       |       |       |    23 |    18 |       ||    41
       Fireball          |       |       |       |    25 |    57 |     5 ||    87
  Use: Scroll            |       |       |       |     6 |    21 |       ||    27
       Potion            |       |       |       |     2 |     1 |       ||     3
Armor: Robe              |     1 |     2 |     6 |    15 |    15 |       ||    39
       Skin              |       |     1 |       |       |       |       ||     1
       Leather armour    |       |       |    12 |       |       |       ||    12
       Scale mail        |       |       |       |       |     1 |     2 ||     3
Dodge: Dodged            |     5 |     7 |    48 |    46 |    62 |     1 ||   169
Block: Other             |       |     7 |    15 |    24 |    30 |       ||    76
       Reflection        |       |       |     2 |     2 |     5 |       ||     9

Table legend: (Time is in decaauts)
 A = Elapsed time spent in this place.
 B = Non-inter-level travel time spent in this place.
 C = Inter-level travel time spent in this place.
 D = Time resting spent in this place.
 E = Time spent auto-exploring this place.
 F = Levels seen in this place.
 G = Mean time per level.
                   A        B        C        D        E       F      G
               +--------+--------+--------+--------+--------+-----+--------+
         Total |  35134 |  34322 |    812 |  11024 |  16521 |  26 | 1351.3 |
       Dungeon |  19020 |  18531 |    489 |   4355 |  10773 |  15 | 1268.0 |
        Temple |    313 |    233 |     80 |      0 |    184 |   1 |  313.0 |
          Lair |   9580 |   9387 |    193 |   3483 |   4369 |   6 | 1596.7 |
  Orcish Mines |   4374 |   4325 |     49 |   2089 |   1109 |   2 | 2187.0 |
      Ice Cave |   1053 |   1053 |      0 |    675 |      0 |   1 | 1053.0 |
       Volcano |    791 |    791 |      0 |    422 |     86 |   1 |  791.0 |
               +--------+--------+--------+--------+--------+-----+--------+

Top non-repeatable levels by time:
   Orc:2: 2434 daAuts
  Lair:6: 2086 daAuts
   Orc:1: 1939 daAuts
  Lair:4: 1811 daAuts
     D:3: 1789 daAuts
     D:9: 1659 daAuts
  Lair:2: 1536 daAuts
     D:1: 1469 daAuts
  Lair:1: 1467 daAuts
    D:13: 1448 daAuts
    D:10: 1411 daAuts
     D:7: 1377 daAuts
  Lair:3: 1366 daAuts
  Lair:5: 1313 daAuts
    D:15: 1276 daAuts
